Zazza, neutral female human Tourist ---+- |.=.| |$a.| |aa.. |@a.| |.f.| ----- Zazza the Rambler Experience level: 1 Strength: 9 Dexterity: 11 Constitution: 16 Intelligence: 13 Wisdom: 9 Charisma: 18 Health: 0(10) Energy: 2(2) Def: 9 Gold: 1300 Moves: 4075 Dungeon seed: YJb3-XmXIQ1UkiJj Game ID: Zazza_1619184986 Your Inventory: Coins $ - 1300 gold pieces Weapons a - 25 +2 darts (in quiver) t - a +0 sling x - 2 +0 orcish daggers I - a blessed +0 sling K - 3 +0 darts L - a cursed -1 dagger S - a cursed -1 sling W - a +0 sling Z - a +0 elven dagger (weapon in hand) Armor e - a blessed +0 Hawaiian shirt (being worn) f - an uncursed +0 dwarvish cloak i - an uncursed +0 orcish helm q - an uncursed +0 orcish helm (being worn) z - a blessed +0 orcish helm N - an uncursed +0 pair of water walking boots (being worn) V - a blessed +2 elven mithril-coat (being worn) Y - a blessed +0 dwarvish cloak Comestibles b - an uncursed egg c - 2 uncursed slime molds d - 3 uncursed food rations h - an uncursed tripe ration s - an uncursed egg D - an uncursed lembas wafer F - an uncursed carrot Scrolls k - an uncursed scroll of magic mapping y - a cursed scroll of teleportation B - an uncursed scroll of destroy armor E - 2 uncursed scrolls of enchant weapon Spellbooks n - an uncursed spellbook of identify H - an uncursed spellbook of teleport away Potions j - 3 uncursed potions of extra healing o - a blessed potion of sleeping p - an uncursed potion of blindness r - an uncursed potion of oil G - an uncursed potion of healing R - an uncursed potion of extra healing Rings T - an uncursed ring of searching (on left hand) Wands C - a wand of secret door detection (0:12) Tools l - an expensive camera (0:42) m - an uncursed credit card Gems M - an uncursed worthless piece of orange glass Spells and supernatural/magical abilities: Name Level Category Fail Memory W - pray for help -- divine ? -- Your skills at the end: Fighting Skills Weapon Skills dart [Basic] Spellcasting Skills Final Attributes: You were nominally aligned. You had automatic searching. You could walk on water. You are dead. Vanquished creatures: a large mimic a shrieker a floating eye a wererat a werejackal 3 iguanas an acid blob 6 hobbits 2 large kobolds a hobgoblin 7 giant rats a yellow mold a green mold a red mold 2 geckos 13 jackals 5 goblins a sewer rat 15 grid bugs 8 lichens 3 kobold zombies 11 newts 86 creatures vanquished. Voluntary challenges: You were an atheist. You used a wielded weapon 1 time, starting on turn 2614. You read items or engraved 16 times, starting on turn 801. You never genocided any monsters. You never polymorphed an object. You never changed form. You used no wishes. You never split a pudding. You wrote Elbereth's name 6 times, starting on turn 1738. You never violated your personal moral code. Dungeon overview: The Dungeons of Doom: levels 1 to 7 Level 1 a long staircase Level 2 a fountain Level 3 Level 4 a potion shop, some fountains stairs to The Gnomish Mines Level 5 a fountain Level 6 a fountain Level 7 <- You were here The Gnomish Mines: Level 5 stairs to The Dungeons of Doom History has recorded: On T:1 you entered the Dungeons of Doom to retrieve the Amulet of Yendor! On T:479 you reached level 2 of The Dungeons of Doom. On T:1734 you reached level 3 of The Dungeons of Doom. On T:2261 you reached level 4 of The Dungeons of Doom. On T:2780 you reached level 5 of The Dungeons of Doom. On T:3323 you reached level 1 of The Gnomish Mines. On T:3571 you reached level 6 of The Dungeons of Doom. On T:4075 you reached level 7 of The Dungeons of Doom. Score breakdown: Gold: 898 (10047 points) Experience: 1 level ( 0 points) Exploration: 7 levels ( 14.29%) (10606 points) Discoveries: 2 items ( 0.67%) ( 2457 points) Valuables value: (no points given unless you survive) Artifact value: 0 ( 0 points) Variety of kills: 22 monsters ( 5.77%) ( 7208 points) Turncount: 4075 turns (-1052 points) Survival: died (score multiplied by 80%) Total score: 23412 Latest messages: You stop running. The jackal bites! You displace Armand. You hear some noises. It eats a jackal corpse. You displace Armand. Where do you want to travel to? That door is closed. You stop. Armand is in the way! The hobbit just misses! The hobbit hits! Armand misses the hobbit. You hear some noises. You displace Armand. You see here a sling. You have a little trouble lifting t - a sling. Where do you want to travel to? You fall down the stairs. Armand misses the giant ant. The giant ant just misses! The giant ant misses. The giant ant bites! You die... Final status: Aloha Zazza the Tourist, killed by a giant ant... You died in The Dungeons of Doom on dungeon level 7 with 23412 points, and 1300 pieces of gold, after 4075 moves. You were level 1 with a maximum of 10 hit points when you died.